 Dungeon Crawl Stone Soup version 0.18.1-8-gdd0e5ea (webtiles) character file.

91 Gagarin the Poker (level 4, -6/34 HPs)
             Began as a Merfolk Skald on June 1, 2016.
             Was an Initiate of Kikubaaqudgha.
             Killed by nerve-wracking pain
             ... invoked by Grinder
              (14 damage)
             ... while paralysed by Grinder
             ... on level 3 of the Dungeon.
             The game lasted 00:09:09 (2798 turns).

Gagarin the Poker (Merfolk Skald)                   Turns: 2798, Time: 00:09:10

Health: -6/34      AC:  3    Str: 10 (12) XL:     4   Next: 59%
Magic:  4/7        EV:  2    Int: 10 (12) God:    Kikubaaqudgha [......]
Gold:   195        SH:  0    Dex: 12 (13) Spells: 2 memorised, 3 levels left

rFire  . . .     SeeInvis .     a - +0 spear
rCold  . . .     Gourm    .     b - +0 leather armour
rNeg   . . .     Faith    .     (no shield)
rPois  .         Spirit   .     (no helmet)
rElec  .         Dismiss  .     (no cloak)
rCorr  .         Reflect  .     (no gloves)
SustAt .         Harm     .     (no boots)
MR     .....                    (no amulet)
Stlth  +.........               (no ring)
                                (no ring)

@: paralysed, not resistant to hostile enchantments, very unstealthy
A: change form in water, swift swim
a: Renounce Religion


You were on level 3 of the Dungeon.
You worshipped Kikubaaqudgha.
Kikubaaqudgha was noncommittal.
You were not hungry.

You visited 1 branch of the dungeon, and saw 3 of its levels.

You collected 195 gold pieces.

Inventory:

Hand Weapons
 a - a +0 spear (weapon)
Armour
 b - a +0 leather armour (worn)
 f - a +2 large shield
Wands
 e - a wand of flame (45/48)
Scrolls
 i - 4 scrolls of identify
 k - 2 scrolls of enchant armour
Books
 c - a book of Battle

   Spells                             Type                      Level
   a - Infusion                       Charms                       1
   b - Shroud of Golubria             Charms/Translocation         2
   c - Song of Slaying                Charms                       2
   d - Spectral Weapon                Hexes/Charms                 3
   e - Regeneration                   Charms/Necromancy            3
Comestibles
 d - 2 bread rations
 h - 6 fruits
 l - a meat ration


   Skills:
 + Level 2.5 Fighting
 + Level 4.0 Polearms
 + Level 1.2 Armour
 + Level 2.4 Dodging
 + Level 1.3 Stealth
 + Level 2.2 Spellcasting
 + Level 0.2 Hexes
 + Level 3.9 Charms


You had 3 spell levels left.
You knew the following spells:

 Your Spells              Type           Power        Failure   Level  Hunger
a - Infusion              Chrm           #...         10%         1    ##.....
b - Spectral Weapon       Hex/Chrm       #.......     56%         3    ####...


Dungeon Overview and Level Annotations

Branches:
Dungeon (3/15)

Altars:
Kikubaaqudgha
Pakellas
Qazlal
Vehumet

Annotations:
D:3 Grinder


Message History

Grinder closely misses you.
Read which item? (? for menu, Esc to quit)
As you read the scroll labeled KOAXATT QEBLO, it crumbles to dust.
You feel blessed for a moment.
It was a scroll of remove curse.
Grinder barely misses you.
Read which item? (? for menu, Esc to quit)
As you read the scroll labeled WACASS SIRAWNOIS, it crumbles to dust.
It is a scroll of recharging.
Charge which item? (? for menu, Esc to quit)
Your wand of flame (22/48) glows for a moment and now has 45 charges.
Grinder gestures at you. Pain shoots through your body!
Grinder gestures at you.
You suddenly lose the ability to move!
Grinder hits you.
* * * LOW HITPOINT WARNING * * *
Grinder gestures at you. Pain shoots through your body!
You die...
Kikubaaqudgha rasps: "You have failed me!
Welcome... death!"

########## . #.........
.. ########## #.########
... .........###.##
....#######....5..#
.g..........####@)######
#.......###.)..........#
....###.# #.####..####.#
#.
#.###.####..####[#####.#
#.##...................#
#.##....#...##.#.#######
.. #5####''######.#.#
#..###.#≈≈≈..≈≈≈# #.#.#
#......#≈......≈# #(#.#


You could see Grinder.

Vanquished Creatures
  Ijyb (D:2)
  2 oozes (D:1)
  A worm (D:2)
  3 dart slugs
  3 giant geckos (D:1)
  4 bats
  A giant cockroach (D:1)
  4 goblins
  5 hobgoblins
  3 jackals (D:1)
  8 kobolds
  A quokka (D:2)
  A ball python (D:1)
  A giant newt (D:2)
  6 rats
44 creatures vanquished.

Vanquished Creatures (others)
  2 spectral weapons (D:3)
2 creatures vanquished.

Grand Total: 46 creatures vanquished

Notes
Turn   | Place    | Note
--------------------------------------------------------------
     0 | D:1      | Gagarin the Merfolk Skald began the quest for the Orb.
     0 | D:1      | Reached XP level 1. HP: 16/16 MP: 3/3
   404 | D:1      | Reached XP level 2. HP: 11/22 MP: 0/5
   978 | D:1      | Reached XP level 3. HP: 21/28 MP: 4/6
   993 | D:1      | Learned a level 3 spell: Spectral Weapon
  1355 | D:1      | Reached skill level 1 in Armour
  1502 | D:2      | Noticed Ijyb
  1597 | D:2      | Found an ancient bone altar of Kikubaaqudgha.
  1619 | D:2      | Became a worshipper of Kikubaaqudgha
  1659 | D:2      | Found an oddly glowing altar of Pakellas.
  1778 | D:2      | Found a stormy altar of Qazlal.
  2008 | D:2      | Reached skill level 1 in Stealth
  2125 | D:2      | Killed Ijyb
  2125 | D:2      | Reached XP level 4. HP: 2/34 MP: 4/7
  2436 | D:2      | Found a radiant altar of Vehumet.
  2677 | D:3      | Reached skill level 4 in Polearms
  2743 | D:3      | Noticed Grinder
  2778 | D:3      | Paralysed by Grinder for 2 turns
  2795 | D:3      | Paralysed by Grinder for 5 turns
  2798 | D:3      | Killed from afar by Grinder

Skill      XL: |  1  2  3  4 |
---------------+-------------+-----
Armour         | 1 |  1.2
Dodging        | 2 |  2.4
Stealth        | 1 |  1.3
Polearms       | 4 |  4.0
Fighting       | |  2.5
Spellcasting   | |  2.2
Hexes          | |  0.2
Charms         | |  3.9

Action                   |  1- 3 |  4- 6 || total
-------------------------+-------+-------++-------
Melee: Spear             |   158 |    38 ||   196
 Cast: Infusion          |     6 |       ||     6
       Spectral Weapon   |     2 |     2 ||     4
Evoke: Wand              |       |     1 ||     1
  Use: Scroll            |     2 |     6 ||     8
       Potion            |     2 |       ||     2
 Stab: Sleeping          |     1 |       ||     1
       Distracted        |     2 |       ||     2
  Eat: Chunk             |     4 |     3 ||     7
Armor: Leather armour    |    30 |     9 ||    39
Dodge: Dodged            |    48 |    33 ||    81
